 Dungeon Sprint DCSS version 0.30.0-30-g96aa6591b8 (webtiles) character file.

Game seed: 14116115476821911128

5 Ayven the Insei (level 1, -6/17 HPs)
             Began as a Gnoll Transmuter on June 29, 2023.
             Mangled by a scorpion (7 damage)
             ... in the Dungeon (Sprint IX: "|||||||||||||||||||||||||||||").
             The game lasted 00:00:40 (30 turns).

Ayven the Insei (Gnoll Transmuter)                    Turns: 30, Time: 00:00:41

Health: -6/17      AC:  2    Str:  9    XL:     1   Next: 80%
Magic:  6/6        EV: 13    Int: 12    God:
Gold:   0          SH:  0    Dex: 12    Spells: 9/10 levels left

rFire   . .          .
                       - Unarmed
rCold   . . .        (no shield)
rNeg    . . .        a - +0 robe
rPois   .            (no helmet)
rElec   .            (no cloak)
rCorr   .            (no gloves)
SInv    .            (no boots)
Will    .....        (no amulet)
Stlth   ++           (no ring)
HPRegen 0.22/turn    (no ring)
MPRegen 0.10/turn

%: no teleportation
@: lethally poisoned (-6 -> -13)
A: fangs 1, strong nose, distributed training
a: no special abilities


You were in the Dungeon.
You visited 1 branch

Inventory:

Armour
 a - a +0 robe (worn)
Scrolls
 h - a scroll of blinking
Potions
 b - a potion of lignification
 c - a potion of curing
 d - a potion of heal wounds
 e - a potion of haste
 f - 2 potions of magic
 g - a potion of berserk rage


   Skills:
 + Level 2.6 Fighting
 + Level 1.0 Short Blades
 + Level 1.0 Long Blades
 + Level 1.0 Axes
 + Level 1.0 Maces & Flails
 + Level 1.0 Polearms
 + Level 1.0 Staves
 + Level 1.0 Ranged Weapons
 + Level 1.0 Throwing
 + Level 1.0 Armour
 + Level 4.6 Dodging
 + Level 1.0 Stealth
 + Level 1.0 Shields
 + Level 6.5 Unarmed Combat
 + Level 5.0 Spellcasting
 + Level 0.7 Conjurations
 + Level 0.7 Hexes
 + Level 0.7 Summonings
 + Level 0.7 Necromancy
 + Level 0.7 Translocations
 + Level 3.8 Transmutations
 + Level 0.7 Fire Magic
 + Level 0.7 Ice Magic
 + Level 0.7 Air Magic
 + Level 0.7 Earth Magic
 + Level 0.7 Poison Magic
 + Level 1.0 Invocations
 + Level 1.0 Evocations


You had 9 spell levels left.
You knew the following spells:

 Your Spells              Type           Power      Damage    Failure   Level
a - Beastly Appendage     Tmut           24%        N/A       4%          1

Your spell library contained the following spells:

 Spells                   Type           Power      Damage    Failure   Level
 Wereblood                Tmut           12%        N/A       6%          2
 Spider Form              Tmut/Pois      8%         N/A       24%         3
 Ice Form                 Ice/Tmut       8%         N/A       61%         4


Dungeon Overview and Level Annotations

Branches:
Dungeon (1/1)

Altars:


Innate Abilities, Weirdness & Mutations

You have very sharp teeth.
Your uncanny sense of smell can sniff out nearby items.
Your experience applies equally to all skills.


Message History

The orc wizard is wielding a +0 dagger and wearing a +2 robe of fire resistance.
The orc wizard shouts!
The ufetubus shouts!
You barely miss the scorpion. The scorpion stings you.
You hit the scorpion.
The scorpion is lightly wounded.
The scorpion closely misses you.
You barely miss the scorpion.
The scorpion is lightly wounded.
The scorpion stings you.
You hit the scorpion but do no damage.
The scorpion is lightly wounded.
The scorpion misses you.
You hit the scorpion but do no damage.
The scorpion is lightly wounded.
The scorpion barely misses you.
You closely miss the scorpion.
The scorpion is lightly wounded.
The scorpion stings you.
The orc wizard gestures wildly while chanting.
The orc wizard flickers and vanishes!
Deactivating autopickup; reactivate with Ctrl-A.
You hit the scorpion.
You bite the scorpion, but do no damage.
The scorpion is moderately wounded.
The scorpion stings you.
You are lethally poisoned!
The scorpion poisons you!
You hit the scorpion.
The scorpion is heavily wounded.
You feel very sick. The scorpion misses you.
You hit the scorpion.
The scorpion is severely wounded.
You feel sick. The scorpion stings you.
* * * LOW HITPOINT WARNING * * *
You closely miss the scorpion.
The scorpion is severely wounded.
* * * LOW HITPOINT WARNING * * *
You feel sick. The scorpion stings you!
You die...

▓+▓
∆
▓.▓
∆
▓S▓
∆
▓r▓
∆
▓{▓
∆
▓5▓
∆
▓s▓
∆
▓@▓
∆
▓.▓
∆
▓.▓
▓.▓
▓)▓
▓†▓
▓.▓
▓.▓
▓.▓


You could see a scorpion, an adder, an ufetubus and a quokka.

Vanquished Creatures
  A bat (D)
  A goblin (D)
  A hobgoblin (D)
  2 rats (D)
5 creatures vanquished.

Notes
Turn   | Place    | Note
-------+----------+-------------------------------------------
     0 | D        | Ayven the Gnoll Transmuter began the quest for the Orb.
     0 | D        | Reached XP level 1. HP: 17/17 MP: 6/6
     8 | D        | Reached skill level 5 in Spellcasting
    10 | D        | Reached skill level 1 in Invocations
    15 | D        | Reached skill level 1 in Short Blades
    15 | D        | Reached skill level 1 in Long Blades
    15 | D        | Reached skill level 1 in Axes
    15 | D        | Reached skill level 1 in Maces & Flails
    15 | D        | Reached skill level 1 in Polearms
    15 | D        | Reached skill level 1 in Staves
    15 | D        | Reached skill level 1 in Ranged Weapons
    15 | D        | Reached skill level 1 in Throwing
    15 | D        | Reached skill level 1 in Armour
    15 | D        | Reached skill level 1 in Stealth
    15 | D        | Reached skill level 1 in Shields
    15 | D        | Reached skill level 1 in Evocations
    20 | D        | Noticed an orc wizard
    20 | D        | Noticed a scorpion
    30 | D        | Mangled by a scorpion

Illustrated notes

Levels and vault maps discovered:
D:        linesprint [early_d, line_temple, items_1, d_10, items_2, lair_1,
          lair_end, items_3, orc_1, orc_end, items_4, d_15, swamp_1, shoals_1,
          snake_1, spider_1, d_20, vaults_1, items_5, swamp_end, shoals_end,
          snake_end, spider_end, vaults_end, d_27, items_6, zot_1, zot_end,
          crypt_end, forest_end, elf_end, slime_end, tomb_end, abyss_end,
          pan_hell_end]

Skill      XL: |  1 |
---------------+----+-----
Spellcasting   | 5 |  5.0
Invocations    | 1 |  1.0
Short Blades   | 1 |  1.0
Long Blades    | 1 |  1.0
Axes           | 1 |  1.0
Maces & Flails | 1 |  1.0
Polearms       | 1 |  1.0
Staves         | 1 |  1.0
Ranged Weapons | 1 |  1.0
Throwing       | 1 |  1.0
Armour         | 1 |  1.0
Stealth        | 1 |  1.0
Shields        | 1 |  1.0
Evocations     | 1 |  1.0
Fighting       | |  2.6
Dodging        | |  4.6
Unarmed Combat | |  6.5
Conjurations   | |  0.7
Hexes          | |  0.7
Summonings     | |  0.7
Necromancy     | |  0.7
Translocations | |  0.7
Transmutations | |  3.8
Fire Magic     | |  0.7
Ice Magic      | |  0.7
Air Magic      | |  0.7
Earth Magic    | |  0.7
Poison Magic   | |  0.7

Action                     || total
---------------------------++-------
  Melee: Unarmed           ||    20
         Bite              ||     2
         Punch             ||     1
 Armour: Robe              ||     1
  Dodge: Dodged            ||     9
